 Dungeon Crawl Stone Soup version 0.26-a0-667-g92642533e4 (webtiles) character file.

Game seed: 6852046232883450034

46 somkeydreadnuts the Vexing (level 3, -2/18 HPs)
             Began as a Spriggan Arcane Marksman on Oct 17, 2020.
             Slain by a gnoll
             ... wielding a +0 spear
              (7 damage)
             ... on level 2 of the Dungeon.
             The game lasted 00:04:07 (2445 turns).

somkeydreadnuts the Vexing (SpAM)                   Turns: 2445, Time: 00:04:07

Health: -2/18      AC:  2    Str:  6    XL:     3   Next: 46%
Magic:  6/6        EV: 19    Int: 14    God:
Gold:   94         SH:  0    Dex: 17    Spells: 3/4 levels left

rFire    . . .     SeeInvis +   g - -2 whip (curse)
rCold    . . .     Faith    .   (shield restricted)
rNeg     . . .     Spirit   .   e - +0 robe
rPois    .         Reflect  .   (helmet restricted)
rElec    .         Harm     .   (no cloak)
rCorr    .         Rampage  .   (gloves unavailable)
MR       .....                  (boots unavailable)
Stlth    ++........             (no amulet)
HPRegen  0.06/turn              (no ring)
MPRegen  0.10/turn              (no ring)

@: very quick
A: very small, unfitting armour, see invisible, speed 3
a: no special abilities


You were on level 2 of the Dungeon.
You visited 1 branch of the dungeon, and saw 2 of its levels.

You collected 94 gold pieces.

Inventory:

Hand Weapons
 a - a +0 shortbow
 g - a cursed -2 whip (weapon)
Missiles
 d - 14 arrows
Armour
 e - a +0 robe (worn)
Scrolls
 c - a scroll of amnesia
Potions
 b - a potion of magic
 f - 2 potions of heal wounds {unknown}
 h - a potion of mutation {unknown}
 i - a potion of lignification {unknown}


   Skills:
 + Level 1.1 Fighting
 + Level 0.5 Maces & Flails
 + Level 2.9 Bows
 + Level 4.0 Dodging
 + Level 1.3 Spellcasting
 + Level 4.2 Hexes


You had 3 spell levels left.
You knew the following spells:

 Your Spells              Type           Power        Failure   Level
a - Corona                Hex            ##.....      4%          1

Your spell library contained the following spells:

 Spells                   Type           Power        Failure   Level
 Slow                     Hex            ##......     7%          2
 Inner Flame              Hex/Fire       #.......     32%         3
 Portal Projectile        Hex/Tloc       #.....       32%         3
 Cause Fear               Hex            ##........   41%         4
 Leda's Liquefaction      Hex/Erth       #.........   71%         4


Dungeon Overview and Level Annotations

Branches:
Dungeon (2/15)

Altars:
Xom


Innate Abilities, Weirdness & Mutations

You are very small and have problems with some larger weapons.
You are too small for most types of armour.
You have supernaturally acute eyesight. (SInv)
You cover ground extremely quickly.


Message History

The gnoll completely misses you.
You barely miss the gnoll.
The gnoll is moderately wounded.
The gnoll misses you. x2
You closely miss the gnoll.
The gnoll is moderately wounded.
The gnoll misses you. The gnoll completely misses you.
A gnoll comes into view. It is wielding a +0 club.
You hit the gnoll but do no damage.
The gnoll is moderately wounded.
The gnoll misses you. The gnoll closely misses you.
The gnoll barely misses you.
You hit the gnoll.
The gnoll is heavily wounded.
The gnoll closely misses you. The gnoll hits you with a +0 spear.
* * * LOW HITPOINT WARNING * * *
You hit the gnoll but do no damage.
The gnoll is heavily wounded.
The gnoll misses you. The gnoll hits you with a +0 spear!
You die...

#..).........#
#.##########.##
####.#### ##...##
#.......# ##.....##
#.#####.####.......###
##.# ##...........#
.(.# ...#...>...#.#
.#.# #..##.....##.#
.#.# .#. ##.@.## #
.#.. g...####g## .###.
..g..g.gg# .# ..
.g......g# ## ##
.#.$....## ## ##.....#
.. #.###..# ## .. ##..
< #..


You could see 3 gnolls and a goblin.

Vanquished Creatures
  An adder (D:2)
  An ooze (D:1)
  3 dart slugs (D:1)
  A ball python (D:1)
  3 giant cockroaches (D:1)
  5 goblins
  4 hobgoblins
  3 bats (D:1)
  3 frilled lizards (D:1)
  A kobold (D:1)
  A rat (D:1)
26 creatures vanquished.

Notes
Turn   | Place    | Note
-------+----------+-------------------------------------------
     0 | D:1      | somkeydreadnuts the Spriggan Arcane Marksman began the
                  | quest for the Orb.
     0 | D:1      | Reached XP level 1. HP: 9/9 MP: 3/3
   556 | D:1      | Reached XP level 2. HP: 13/14 MP: 5/5
  1122 | D:1      | Reached skill level 1 in Fighting
  1597 | D:1      | Reached XP level 3. HP: 13/18 MP: 6/6
  1603 | D:1      | Found a shimmering altar of Xom.
  2445 | D:2      | Slain by a gnoll

Illustrated notes

Levels and vault maps discovered:
D:1:      lemuel_arrival_room, layout_loops_corners, st_stairs_10,
          xom_teletrap_fun
D:2:      layout_loops_ring

Skill      XL: |  1  2  3 |
---------------+----------+-----
Hexes          | 4 |  4.2
Fighting       | 1 |  1.1
Dodging        | 4 |  4.0
Maces & Flails | |  0.5
Bows           | |  2.9
Spellcasting   | |  1.3

Action                   || total
-------------------------++-------
Melee: Whip              ||   173
 Fire: Shortbow          ||    17
  Use: Scroll            ||     2
 Stab: Sleeping          ||     1
Armor: Robe              ||    20
Dodge: Dodged            ||   202

Table legend: (Time is in decaauts)
 A = Elapsed time spent in this place.
 B = Non-inter-level travel time spent in this place.
 C = Inter-level travel time spent in this place.
 D = Time resting spent in this place.
 E = Time spent auto-exploring this place.
 F = Levels seen in this place.
 G = Mean time per level.
                   A        B        C        D        E       F      G
               +--------+--------+--------+--------+--------+-----+--------+
         Total |   2118 |   2118 |      0 |      0 |   1740 |   2 | 1059.0 |
       Dungeon |   2118 |   2118 |      0 |      0 |   1740 |   2 | 1059.0 |
               +--------+--------+--------+--------+--------+-----+--------+

Top non-repeatable levels by time:
     D:1: 1663 daAuts
     D:2: 455 daAuts
